Cogmind - Beta 13 X1 @@@ ROGUE MODE // 2023.08.27 @ 20:31:46 Player: VR-DUX Result: Destroyed by S-10 Pest with Light Assault Rifle Performance ------------- Evolutions (0) 0 Regions Visited (2) 400 Robots Destroyed (28) 140 Value Destroyed (460) 460 Prototype IDs (0) 0 Alien Tech Used (0) 0 Bonus (0) 0 TOTAL SCORE: 1000 Bonus ------- None Cogmind --------- Core Integrity 0/250 Matter 297/300 Energy 121/125 System Corruption 0% Temperature Cool (6) Movement Treading (160) Location -10/Mines Parts ------- > --- POWER (1) -------- Light Ion Engine > --- PROPULSION (2) --- Light Treads Light Treads > --- UTILITY (2) ------ Medium Storage Unit Structural Scanner > --- WEAPON (2) ------- Beam Cannon Assault Rifle > --- INVENTORY (10) --- Light Treads Compact Wheel Compact Wheel Flight Unit Improved Heat Sink Small Storage Unit Medium Storage Unit Small Laser Light Cannon Hammer Peak State ------------ > --- POWER ------------ Ion Engine > --- PROPULSION ------- Compact Wheel Compact Wheel > --- UTILITY ---------- Medium Storage Unit Structural Scanner > --- WEAPON ----------- Small Laser Assault Rifle > --- INVENTORY -------- Light Ion Engine Light Treads Light Treads Light Treads Flight Unit Small Storage Unit Medium Storage Unit Beam Cannon Light Cannon Hammer [Rating: 8] Favorites ----------- Power Ion Engine Engine Ion Engine Propulsion Aluminum Leg Treads Light Treads Leg Aluminum Leg Wheel Wheel Utility Structural Scanner Device Structural Scanner Storage Medium Storage Unit Weapon Assault Rifle Energy Gun Small Laser Energy Cannon Beam Cannon Ballistic Gun Assault Rifle Ballistic Cannon Light Cannon Impact Weapon Hammer Build | -11 -10 -10 ------- Run | Jun Mat Min Slots Evolved . | . . . Power . | . . . Propulsion . | . . . Utility . | . . . Weapon . | . . . Parts Attached 17 | . 13 4 Power 3 | . 2 1 Engine 3 | . 2 1 Core . | . . . Reactor . | . . . Propulsion 6 | . 4 2 Treads 2 | . . 2 Leg . | . . . Wheel 4 | . 4 . Hover . | . . . Flight . | . . . Utility 3 | . 3 . Device 2 | . 2 . Storage 1 | . 1 . Processor . | . . . Hackware . | . . . Protection . | . . . Artifact . | . . . Weapon 5 | . 4 1 Energy Gun 1 | . 1 . Energy Cannon 1 | . . 1 Ballistic Gun 1 | . 1 . Ballistic Cannon 1 | . 1 . Launcher . | . . . Special Weapon . | . . . Impact Weapon 1 | . 1 . Slashing Weapon . | . . . Piercing Weapon . | . . . Special Melee Weapon . | . . . Unidentified Prototypes . | . . . Parts Lost 5 | . 5 . Power 1 | . 1 . Propulsion 2 | . 2 . Utility . | . . . Weapon 2 | . 2 . Highest Loss Streak 3 | . 3 . To Critical Strikes . | . . . Average Slot Usage (%) 92 | . 90 100 Engine 13 | . 13 14 Treads 3 | . . 23 Leg 9 | . 11 . Wheel 11 | . 12 4 Device 11 | . 10 14 Storage 14 | . 14 14 Energy Gun 5 | . 6 . Energy Cannon 2 | . . 14 Ballistic Gun 15 | . 16 14 Ballistic Cannon 3 | . 4 . Naked Turns . | . . . Heaviest Build 21 | 13 20 21 Greatest Support 40 | 20 32 40 Greatest Overweight (x) 1 | . 1 . Average Overweight (x) . | . . . Largest Inventory Capacity 10 | . 10 10 Average Capacity 9 | . 9 10 Most Carried 10 | . 10 10 Average Carried 7 | . 7 9 Final Capacity 10 | 8 10 10 Final Carried 10 | 6 10 10 Class Distribution -------------------- 100% | Mutant Dominant Class ---------------- Mutant | -10/Materials Mutant | -10/Mines Resources | -11 -10 -10 ----------- Run | Jun Mat Min Matter Collected 740 | 200 464 76 Remotely . | . . . Salvage Created 741 | . 600 141 Parts 57 | . 44 13 Haulers Intercepted 2 | . 2 . Recyclers Shooed 3 | . 3 . Parts Field Recycled . | . . . Retrieved Matter . | . . . Parts Self-Destructed . | . . . Prevented . | . . . Kills | -11 -10 -10 ------- Run | Jun Mat Min Combat Hostiles Destroyed 16 | . 11 5 Guns 9 | . 6 3 Cannons 7 | . 5 2 Classes Destroyed 8 | . 7 1 Worker 2 | . 2 . Builder 3 | . 3 . Tunneler 1 | . . 1 Hauler 2 | . 2 . Recycler 2 | . 2 . Operator 2 | . 2 . Swarmer 8 | . 5 3 Grunt 8 | . 6 2 Best Kill Streak 5 | . 5 3 Combat Bots Only 4 | . 4 3 Max Kills in Single Turn 1 | . 1 1 Gunslinging . | . . . Exploded . | . . . Melee . | . . . Uniques/NPCs Destroyed . | . . . Combat | -11 -10 -10 -------- Run | Jun Mat Min Damage Taken 1026 | . 851 175 Core 256 | . 214 42 Absorbed by Shields . | . . . Core Remaining (%) 100 | 100 . . Volleys Fired 107 | . 94 13 Largest 2 | . 2 2 Hottest 80 | . 75 80 Shots Fired 196 | . 170 26 Gun 141 | . 128 13 Cannon 55 | . 42 13 Launcher . | . . . Special . | . . . Kinetic 147 | . 134 13 Thermal 49 | . 36 13 Explosive . | . . . Electromagnetic . | . . . Robot Hit Streak 8 | . 8 6 Robot Miss Streak 4 | . 4 3 Penetration Max . | . . . Secondary Targets 1 | . 1 . Max Gunslinging Chain 1 | . 1 . Shots Hit Robots 111 | . 95 16 Core Hits 41 | . 33 8 Critical Kills . | . . . Critical Parts Destroyed 1 | . 1 . Critical Strikes 1 | . 1 . Smash 1 | . 1 . Melee Attacks 7 | . 7 . Impact 7 | . 7 . Slashing . | . . . Piercing . | . . . Sneak Attacks 1 | . 1 . Combat Hostiles . | . . . Follow-up Attacks . | . . . Damage Inflicted 1571 | . 1315 256 Guns 887 | . 775 112 Cannons 630 | . 486 144 Explosions . | . . . Melee 45 | . 45 . Ramming 9 | . 9 . Kinetic 1147 | . 1035 112 Thermal 370 | . 226 144 Explosive . | . . . Electromagnetic . | . . . Impact 45 | . 45 . Slashing . | . . . Piercing . | . . . Highest Corruption . | . . . Average Corruption . | . . . Corruption Purged . | . . . Corruption Blocked . | . . . Overload Shots . | . . . Overflow Damage 45 | . 45 . Projectiles . | . . . Explosions . | . . . Melee 45 | . 45 . Knockbacks 8 | . 8 . Impact . | . . . Kinetic 7 | . 7 . Secondary 1 | . 1 . Self-Inflicted Damage . | . . . Shots . | . . . Rammed . | . . . Targets Rammed 1 | . 1 . Kicked 1 | . 1 . Crushed . | . . . Highest Temperature 177 | . 90 177 Average Temperature 34 | . 22 68 Received Heat Transfer 366 | . 300 66 Siege Activations . | . . . Robots Corrupted . | . . . Combat Hostiles . | . . . Parts Fried 2 | . 2 . Impact Corruptions 2 | . 2 . Robots Melted . | . . . Combat Hostiles . | . . . Parts Melted 3 | . . 3 Heat Transferred 771 | . 475 296 Parts Sabotaged . | . . . Parts Stolen . | . . . Parts Stripped . | . . . Power Chain Reactions . | . . . Missiles Intercepted . | . . . Alert | -11 -10 -10 ------- Run | Jun Mat Min Peak Influence 262 | . 262 221 Initial 81 | . . 81 Average 120 | . 117 135 Maximum Alert Level 1 | . 1 1 Low Security (%) 84 | . 82 94 Level 1 15 | . 17 5 Level 2 . | . . . Level 3 . | . . . Level 4 . | . . . Level 5 . | . . . High Security . | . . . Max Security . | . . . Squads Dispatched 2 | . 2 . Investigation 1 | . 1 . Extermination . | . . . Reinforcement 1 | . 1 . Assault . | . . . Garrison . | . . . Intercept . | . . . Searches Triggered . | . . . Construction Impeded . | . . . Haulers Reinforced . | . . . Active Scanning Responses . | . . . Cargo Convoy Interrupts . | . . . Stealth | -11 -10 -10 --------- Run | Jun Mat Min Distress Signals 1 | . 1 . Communications Jammed . | . . . Distress Signals . | . . . Times Spotted 33 | . 25 8 Peak Tracking Total 5 | . 5 3 Tactical Retreats 1 | . . 1 Traps | -11 -10 -10 ------- Run | Jun Mat Min Traps Triggered 3 | . 3 . Indirectly . | . . . Trap Hack Attempts . | . . . Triggered . | . . . Disarmed . | . . . Reprogrammed . | . . . Reused . | . . . Traps Extracted . | . . . Installed . | . . . Triggered . | . . . Machines | -11 -10 -10 ---------- Run | Jun Mat Min Machines Disabled 1 | . 1 . Max in Single Turn 1 | . 1 . Machines Repaired . | . . . Machines Sabotaged . | . . . Overloaded Fab Kills . | . . . Hacking | -11 -10 -10 --------- Run | Jun Mat Min Machines Accessed 8 | . 8 . Terminals 6 | . 6 . Fabricators . | . . . Repair Stations . | . . . Recycling Units 2 | . 2 . Scanalyzers . | . . . Garrison Access . | . . . Total Hacks 21 | . 21 . Successful 10 | . 10 . Failed 11 | . 11 . Catastrophic 3 | . 3 . Database Lockouts . | . . . Manual 18 | . 18 . Terminals 15 | . 15 . Fabricators . | . . . Repair Stations . | . . . Recycling Units 6 | . 6 . Scanalyzers . | . . . Garrison Access . | . . . Terminal Hacks 5 | . 5 . Record 1 | . 1 . Robot Analysis 4 | . 4 . Fabricator Hacks . | . . . Repair Station Hacks . | . . . Recycling Unit Hacks 4 | . 4 . Retrieve Matter 1 | . 1 . Retrieve Components 3 | . 3 . Scanalyzer . | . . . Garrison Access Hacks . | . . . Unauthorized Hacks 1 | . 1 . Terminals 1 | . 1 . Assimilate 1 | . 1 . Fabricators . | . . . Repair Stations . | . . . Recycling Units . | . . . Scanalyzers . | . . . Garrison Access . | . . . Data Cores Recovered . | . . . Used . | . . . Hacking Detections 6 | . 6 . Full Trace Events 1 | . 1 . Feedback Events . | . . . Feedback Blocked . | . . . Robot Schematics Acquired . | . . . Robots Built . | . . . Authchips . | . . . Time . | . . . Total Robot Build Rating . | . . . Part Schematics Acquired . | . . . Parts Built . | . . . Authchips . | . . . Time . | . . . Total Part Build Rating . | . . . Parts Repaired . | . . . Time . | . . . Parts Recycled . | . . . Recycled Matter . | . . . Retrieved Matter . | . . . Retrieved Components 11 | . 11 . Parts Scanalyzed . | . . . Part Schematics Acquired . | . . . Parts Damaged . | . . . Bothacking | -11 -10 -10 ------------ Run | Jun Mat Min Used RIF Installer . | . . . Robots Hacked . | . . . Non-combat . | . . . Combat . | . . . Robot Hacks Applied . | . . . Relay Couplers Released . | . . . Fabnet Peak Effective % . | . . . Robots Rewired . | . . . Allies Hacked . | . . . Hacks Repelled . | . . . Allies | -11 -10 -10 -------- Run | Jun Mat Min Total Allies . | . . . Largest Group . | . . . Highest-Rated Group . | . . . Highest-Rated Ally . | . . . Total Orders . | . . . Ally Attacks . | . . . Total Damage . | . . . Kills . | . . . Allies Corrupted . | . . . Allies Melted . | . . . Intel | -11 -10 -10 ------- Run | Jun Mat Min Robot Analysis Total 4 | . 4 . Derelict Logs Recovered . | . . . Drone Launches . | . . . Drone Recoveries . | . . . Exploration | -11 -10 -10 ------------- Run | Jun Mat Min Turns Passed 1253 | . 1062 191 Spaces Moved 792 | 1 704 87 Core . | . . . Treads 82 | . . 82 Legs 265 | 1 264 . Wheels 445 | . 440 5 Hover . | . . . Flight . | . . . Fastest Speed 80 | 120 80 100 Average Speed 108 | 120 102 156 Slowest Speed 160 | 120 120 160 Overloaded Moves . | . . . Propulsion Burnouts . | . . . Robots Hopped . | . . . Cave-ins Triggered . | . . . Exploration Rate (%) 36 | 2 93 15 Regions Visited 2 Branch Regions 1 Pre-discovered Areas . | . . . Known Exits Taken . | . . . Unknown Exits Taken 2 | 1 1 . Scrap Searched . | . . . Spaces Dug 1 | . 1 . Terrain Destroyed 1 | . 1 . Melee 1 | . 1 . Projectile . | . . . AOE . | . . . Terrain Rammed . | . . . Walls Destroyed . | . . . Machines Disabled . | . . . Actions | -11 -10 -10 --------- Run | Jun Mat Min Total 982 | . 864 118 Wait 42 | . 34 8 Move 790 | . 703 87 Hop . | . . . Pick Up 11 | . 8 3 Fast Attach 4 | . 4 . Attach 8 | . 5 3 Detach . | . . . Swap 5 | . 4 1 Drop 7 | . 4 3 Fire 107 | . 94 13 Melee 7 | . 7 . Ram . | . . . Kick 1 | . 1 . Crush . | . . . Escape Stasis . | . . . Rewire . | . . . Trap . | . . . Miscellaneous . | . . . Route ------- -11/Junkyard -10/Materials (discovered 4 exits: [*Mat x3] / [*Min]) -10/Mines History --------- Turn | Location | Event 1 | -11/Junkyard | Discovered new exit (range 0) 1 | -11/Junkyard | Entered Materials 300 | -10/Materials | Build established: Mutant 368 | -10/Materials | Discovered new exit (range 7) 511 | -10/Materials | Discovered new exit (range 6) 550 | -10/Materials | Core integrity fell below 50% 605 | -10/Materials | Lost 3 parts (1n2w) 632 | -10/Materials | Core integrity fell below 20% 714 | -10/Materials | Discovered new exit (range 6) 764 | -10/Materials | Discovered new exit (range 7) 1063 | -10/Materials | Entered Mines 1254 | -10/Mines | Destroyed by S-10 Pest with Light Assault Rifle Last Messages --------------- LOCATION=UNKNOWN GOAL=ESCAPE Something is scanning the area. 01068_ Aluminum Leg melted. 01068_ G-34 Mercenary destroyed. 01083_ Aluminum Leg melted. 01083_ Lgt. Nuclear Core melted. 01083_ G-47 Trooper destroyed. 01088_ Acquired 31 matter. 01091_ Dropped Ion Engine. 01093_ Acquired Imp. Heat Sink. 01094_ Dropped Com. Wheel. 01098_ Acquired Com. Wheel. 01102_ Acquired 3 matter. 01103_ Acquired 27 matter. 01129_ T-07 Excavator destroyed. 01132_ Acquired 6 matter. 01237_ S-10 Pest destroyed. 01243_ Acquired 9 matter. 01253_ S-10 Pest destroyed. Map ----- +----------------------------------------------------+ | ??????????????????????????????????????? | | ??????????????????????????????????????? | | ??????????????????????????????????????? | | ??????????????????????????????????????? | | ??????????????????????????????????????? | | ??????????????????????????????????????? | | ??????????????????????????????????????? | | ??????????????????????????????????????? | | ??????????????????????????????????????? | | ?????????????###??????????????????????? | | ?????????????## ?????????????????????? | | ?????????????# ?????????????????????? | | ?????????????? ?????????????????????? | | ?????????????? ?????????????????????? | | ?????????????? ?????????????????????? | | ?????????????? ?????????????????????? | | ?????????????? ?????????????????????? | | ?????????????? #????????????????????? | | ????????????? ##????????????????????? | | ?????????????## ##????????????????????? | | ?????????????## ##????????????????????? | | ?????????????## ##????????????????????? | | ?????????????## ##????????????????????? | | ?????##########%##????????????????????? | | ?????##########s########??????????????? | | ?????## =%@%########??????????????? | | ??##### ########### ??????????????? | | ?###### ########### ????????????????? | | ?### ########### ##????????????????? | | ?## ########## ##????????????????? | | ?## =*%!= ##????????????????? | | ?## ########## ##????????????????? | | ?### ########### ##????????????????? | | ?#### ####??????## ##????????????????? | | ??### ###???????## ##????????????????? | | ???## ##????????## ##????????????????? | | ???## ##?????##### #########?????????? | | ???## ####???##### #########?????????? | | ???## #####??##* ##?????????? | | ???## ###??## * ##?????????? | | ???## ##??##% """ ##?????????? | | ???### ##??## = """ ##?????????? | | ???### ##??## """ ##?????????? | | ???## ##??## ###????????? | | ???## ##??## """ T##????????? | | ???### ##??## """ ###????????? | | ???#### ##??## """ ###????????? | | ????########??## ##?????????? | | ?????#######??###############?????????? | | ??????????????##############??????????? | +----------------------------------------------------+ Best States ------------- Heat Dissipation 25 Energy Generation 10 Energy Capacity 250 Matter Stores 300 Matter Capacity 300 Sight Range 16 Terrain Scan Density 10 Evasion (%) 55 Recoil Reduction 2 Item Schematics ----------------- None Robot Schematics ------------------ None Fabricated ------------ Nothing Alien Tech Used ----------------- None Achievements -------------- None Challenges ------------ None Game ------ Seed CryofiberGatlingBooster Manual? 0 Play Time 00:14:35 Cumulative 74.5 hours Start 2023.08.27 @ 20:12:14 End 2023.08.27 @ 20:31:46 Sessions 1 Manual Loads 0 Difficulty Rogue Special Mode None Game No. 67 Rogue 67 Adventurer 0 Explorer 0 Win Type - Total 1 Types 1/0/0/0/0/0/0/0/0 Lore% 41 Gallery% 34 Achievement% 37 Wizard Run 0 Options --------- ASCII 0 Keyboard 0 Movement Mouse Keybinds 0 Fullscreen 1 Font 16/SmallcapsGlow Map View 84x54 Tactical HUD 1 Map Filters NONE Filters NONE Steam 1 RUN: adcc47d5-cb98-4560-923d-01217d7e4990